PBL
PORTLAND ANGELS @ TIJUANA TOROS
09/09/2045
 
TOP OF THE 1ST
Portland Angels batting - Pitching for Tijuana Toros : RHP Clyde Miller
Pitching: RHP Clyde Miller
Batting: RHB Daniel Molina 0-0: Ball
1-0: Called Strike
1-1: Swinging Strike
1-2: Ball
2-2: Foul Ball, location: 2F
2-2: SINGLE (Line Drive, 6MD, EV 95.0 MPH)
Batting: RHB Peter Westover 0-0: Called Strike
Daniel Molina steals 2nd base
0-1: Ball
1-1: Ground out 6-3 (Groundball, 6, EV 86.9 MPH)
Daniel Molina to third
Batting: LHB Jonathon Walton 0-0: Foul Ball, location: 2F
0-1: Called Strike
0-2: Ball
1-2: Ball
2-2: Fly out, F7 (Line Drive, 7D, EV 96.9 MPH)
Runner from 3rd tags up, SCORES, no throw by LF
Batting: LHB Dave Hicks 0-0: Called Strike
0-1: Foul Ball, location: 2F
0-2: Ball
1-2: Ball
2-2: Ball
3-2: Foul Ball, location: 2F
3-2: Base on Balls
Batting: RHB Ricky Mejicanos 0-0: Ball
1-0: Ball
2-0: Called Strike
2-1: Ball
3-1: Fly out, F2 (Popup, 15S, EV 84.4 MPH)
Top of the 1st over - 1 run, 1 hit, 0 errors, 1 left on base; Portland 1 - Tijuana 0
BOTTOM OF THE 1ST
Tijuana Toros batting - Pitching for Portland Angels : LHP Adrian Orosco
Pitching: LHP Adrian Orosco
Batting: SHB Dave Reynoso 0-0: SOLO HOME RUN (Flyball, 7D, EV 101.2 MPH), Distance : 393 ft
Batting: LHB Jay Fenderson 0-0: Ball
1-0: Foul Ball, location: 2F
1-1: Fly out, F8 (Flyball, 8RXD, EV 104.4 MPH)
Batting: RHB Juan Gallegos 0-0: Called Strike
0-1: Foul Ball, location: 2F
0-2: Ball
1-2: Fly out, F8 (Flyball, 8RS, EV 86.9 MPH)
Batting: RHB Tommy Hunter 0-0: Ball
1-0: Ball
2-0: Ball
3-0: Base on Balls
Batting: RHB Brad Brady 0-0: Ball
Wild Pitch!
Tommy Hunter to second
1-0: Ball
2-0: Fly out, F9 (Flyball, 89D, EV 98.8 MPH)
Bottom of the 1st over - 1 run, 1 hit, 0 errors, 1 left on base; Portland 1 - Tijuana 1
TOP OF THE 2ND
Portland Angels batting - Pitching for Tijuana Toros : RHP Clyde Miller
Batting: RHB Noah Pena 0-0: Ball
1-0: Swinging Strike
1-1: Foul Ball, location: 2F
1-2: Foul Ball, location: 2F
1-2: Foul Ball, location: 2F
1-2: Foul Ball, location: 2F
1-2: Ball
2-2: Ground out 6-3 (Groundball, 6, EV 101.9 MPH)
Batting: RHB Sean Rocha 0-0: Ground out 6-3 (Groundball, 56, EV 85.6 MPH)
Batting: RHB Rory Cobb 0-0: Ball
1-0: SINGLE (Flyball, 7LS, EV 87.5 MPH)
Batting: RHB Carlos Gonzales 0-0: Ball
1-0: Fly out, F7 (Flyball, 78D, EV 100.6 MPH)
Top of the 2nd over - 0 runs, 1 hit, 0 errors, 1 left on base; Portland 1 - Tijuana 1
BOTTOM OF THE 2ND
Tijuana Toros batting - Pitching for Portland Angels : LHP Adrian Orosco
Batting: LHB Cory Bowler 0-0: Ball
1-0: Ball
2-0: SINGLE (Line Drive, 56D, EV 109.4 MPH)
Batting: RHB Jason Baldwin 0-0: SINGLE (Groundball, 6S, EV 67.5 MPH) (infield hit)
Cory Bowler to second
Batting: SHB Jesus Gomez Balk!
Cory Bowler to third
Jason Baldwin to second
0-0: Ball
1-0: Ball
2-0: Ball
3-0: Base on Balls
Batting: RHB Riemer de Jonge 0-0: Ball
1-0: Ball
2-0: Ball
3-0: Called Strike
3-1: Base on Balls
Cory Bowler scores
Jason Baldwin to third
Jesus Gomez to second
Batting: SHB Dave Reynoso 0-0: Ball
1-0: Foul Ball, location: 2F
1-1: Called Strike
1-2: Grounds into fielders choice 1-2 (Groundball, 13S, EV 68.8 MPH)
Jesus Gomez to third
Riemer de Jonge to second
Batting: LHB Jay Fenderson 0-0: Ball
1-0: Ball
Passed Ball!
Jesus Gomez scores
Riemer de Jonge to third
Dave Reynoso to second
2-0: SINGLE (Groundball, 6D, EV 95.6 MPH)
Riemer de Jonge scores
Dave Reynoso to third
Runner from 3rd tries for Home, SAFE, throw by CF to home
Batting: RHB Juan Gallegos Balk!
Jay Fenderson to second
0-0: Ball
1-0: Fly out, F8 (Flyball, 8RD, EV 103.1 MPH)
Batting: RHB Tommy Hunter 0-0: Fly out, F5 (Flyball, 5D, EV 82.5 MPH)
Bottom of the 2nd over - 4 runs, 3 hits, 0 errors, 1 left on base; Portland 1 - Tijuana 5
TOP OF THE 3RD
Portland Angels batting - Pitching for Tijuana Toros : RHP Clyde Miller
Batting: RHB Daniel Molina 0-0: Called Strike
0-1: Ball
1-1: Swinging Strike
1-2: Fly out, F3 (Popup, 3, EV 65.0 MPH)
Batting: RHB Peter Westover 0-0: Reached via error on a dropped throw from 3B, E3 (Groundball, 5, EV 101.9 MPH)
Batting: LHB Jonathon Walton 0-0: Ball
1-0: Fly out, F5 (Popup, 15, EV 88.1 MPH)
Batting: LHB Dave Hicks 0-0: Called Strike
Peter Westover steals 2nd base
0-1: TRIPLE (Line Drive, 89XD, EV 105.0 MPH)
Peter Westover scores
Batting: RHB Ricky Mejicanos 0-0: Called Strike
0-1: Fly out, F4 (Popup, 4S, EV 83.1 MPH)
Top of the 3rd over - 1 run, 1 hit, 1 error, 1 left on base; Portland 2 - Tijuana 5
BOTTOM OF THE 3RD
Tijuana Toros batting - Pitching for Portland Angels : LHP Adrian Orosco
Batting: RHB Brad Brady 0-0: Ball
1-0: Foul Ball, location: 2F
1-1: Fly out, F6 (Line Drive, 6, EV 76.9 MPH)
Batting: LHB Cory Bowler 0-0: Ball
1-0: Foul Ball, location: 2F
1-1: SINGLE (Groundball, 5D, EV 96.9 MPH)
Batting: RHB Jason Baldwin 0-0: Ball
Cory Bowler steals 2nd, throwing error, E2
Cory Bowler to third
1-0: Ball
Passed Ball!
Cory Bowler scores
2-0: Ball
3-0: Base on Balls
Batting: SHB Jesus Gomez 0-0: Grounds into double play, 6-4-3 (Groundball, 6, EV 100.6 MPH)
Bottom of the 3rd over - 1 run, 1 hit, 1 error, 0 left on base; Portland 2 - Tijuana 6
TOP OF THE 4TH
Portland Angels batting - Pitching for Tijuana Toros : RHP Clyde Miller
Batting: RHB Noah Pena 0-0: Ball
1-0: Ball
2-0: Ball
3-0: Called Strike
3-1: Called Strike
3-2: Base on Balls
Batting: RHB Sean Rocha 0-0: Ball
1-0: Ball
2-0: Foul Ball, location: 2F
2-1: Ball
3-1: Base on Balls
Noah Pena to second
Batting: RHB Rory Cobb 0-0: Ball
1-0: Fly out, F6 (Popup, P, EV 77.5 MPH)
Batting: RHB Carlos Gonzales 0-0: Swinging Strike
0-1: Fly out, F8 (Flyball, 8LD, EV 85.0 MPH)
Batting: RHB Daniel Molina 0-0: TRIPLE (Line Drive, 89XD, EV 107.5 MPH)
Noah Pena scores
Sean Rocha scores
Batting: RHB Peter Westover 0-0: Called Strike
0-1: Ball
1-1: Swinging Strike
1-2: Ball
2-2: Foul Ball, location: 2F
2-2: Ball
3-2: SINGLE (Flyball, 8RS, EV 96.9 MPH)
Daniel Molina scores
Batting: LHB Jonathon Walton 0-0: Called Strike
Peter Westover steals 2nd base
0-1: Called Strike
0-2: Ground out 4-3 (Groundball, 34D, EV 84.4 MPH)
Top of the 4th over - 3 runs, 2 hits, 0 errors, 1 left on base; Portland 5 - Tijuana 6
BOTTOM OF THE 4TH
Tijuana Toros batting - Pitching for Portland Angels : LHP Adrian Orosco
Batting: RHB Riemer de Jonge 0-0: Ball
1-0: Called Strike
1-1: Swinging Strike
1-2: SINGLE (Popup, 3D, EV 48.1 MPH)
Batting: SHB Dave Reynoso 0-0: Ball
1-0: Ball
2-0: Ball
3-0: Base on Balls
Riemer de Jonge to second
Batting: LHB Jay Fenderson 0-0: Ball
1-0: Called Strike
1-1: SINGLE (Flyball, 34D, EV 90.0 MPH)
Riemer de Jonge to third
Dave Reynoso to second
Batting: RHB Juan Gallegos 0-0: Ball
1-0: Ball
2-0: Ball
3-0: Base on Balls
Riemer de Jonge scores
Dave Reynoso to third
Jay Fenderson to second
Pitching: RHP Danny Gelinas
Batting: RHB Tommy Hunter 0-0: Grounds into fielders choice 1-2 (Groundball, 13S, EV 68.8 MPH)
Jay Fenderson to third
Juan Gallegos to second
Batting: RHB Brad Brady 0-0: SINGLE (Groundball, P, EV 93.8 MPH)
Jay Fenderson scores
Juan Gallegos to third
Tommy Hunter to second
Batting: LHB Cory Bowler 0-0: Ball
1-0: Swinging Strike
1-1: Foul Ball, location: 2F
1-2: Ball
2-2: Ball
Balk!
Juan Gallegos scores
Tommy Hunter to third
Brad Brady to second
3-2: Base on Balls
Batting: RHB Jason Baldwin 0-0: Ball
1-0: Ball
Passed Ball!
Tommy Hunter scores
Brad Brady to third
Cory Bowler to second
2-0: Ground out 4-3 (Groundball, 4, EV 90.0 MPH)
Brad Brady scores
Cory Bowler to third
Batting: SHB Jesus Gomez 0-0: Ball
Wild Pitch!
Cory Bowler scores
1-0: Ball
2-0: Called Strike
2-1: Ball
3-1: Fly out, F9 (Flyball, 9LS, EV 77.5 MPH)
Bottom of the 4th over - 6 runs, 3 hits, 0 errors, 0 left on base; Portland 5 - Tijuana 12
TOP OF THE 5TH
Portland Angels batting - Pitching for Tijuana Toros : RHP Clyde Miller
Batting: LHB Dave Hicks 0-0: Ball
1-0: Called Strike
1-1: Foul Ball, location: 2F
1-2: Foul Ball, location: 2F
1-2: Ball
2-2: Fly out, F6 (Popup, 6M, EV 71.2 MPH)
Batting: RHB Ricky Mejicanos 0-0: Ball
1-0: Ball
2-0: Ball
3-0: Base on Balls
Batting: RHB Noah Pena 0-0: Ball
1-0: Ball
2-0: Ground out 5-3 (Groundball, 56S, EV 75.6 MPH)
Ricky Mejicanos to second
Batting: RHB Sean Rocha 0-0: Foul Ball, location: 2F
0-1: Called Strike
0-2: Ball
1-2: Hit by Pitch
Batting: RHB Rory Cobb 0-0: Foul Ball, location: 2F
0-1: Called Strike
0-2: Ball
1-2: Strikes out swinging
Top of the 5th over - 0 runs, 0 hits, 0 errors, 2 left on base; Portland 5 - Tijuana 12
BOTTOM OF THE 5TH
Tijuana Toros batting - Pitching for Portland Angels : RHP Danny Gelinas
Batting: RHB Riemer de Jonge 0-0: Ball
1-0: Ball
2-0: Foul Ball, location: 2F
2-1: Ball
3-1: Base on Balls
Batting: SHB Dave Reynoso 0-0: Ball
Passed Ball!
Riemer de Jonge to second
1-0: Called Strike
1-1: Foul Ball, location: 2F
1-2: Ball
2-2: 2-RUN HOME RUN (Flyball, 89XD, EV 108.8 MPH), Distance : 411 ft
Batting: LHB Jay Fenderson 0-0: Ball
1-0: Ball
2-0: Ball
3-0: Called Strike
3-1: Swinging Strike
3-2: Base on Balls
Batting: RHB Juan Gallegos 0-0: SINGLE (Line Drive, 78S, EV 110.0 MPH)
Jay Fenderson to second
Batting: RHB Tommy Hunter 0-0: Ball
1-0: 3-RUN HOME RUN (Flyball, 78XD, EV 100.0 MPH), Distance : 419 ft
Pitching: RHP Dan Myers
Batting: RHB Brad Brady 0-0: Swinging Strike
0-1: Swinging Strike
0-2: Ball
1-2: Strikes out swinging
Batting: LHB Cory Bowler 0-0: Ball
1-0: Foul Ball, location: 2F
1-1: Ball
2-1: Ball
3-1: Foul Ball, location: 2F
3-2: Base on Balls
Batting: RHB Jason Baldwin 0-0: Ball
Pickoff Throw to First - Error! E1
Cory Bowler to second
1-0: Ball
Passed Ball!
Cory Bowler to third
2-0: Swinging Strike
2-1: Foul Ball, location: 2F
2-2: Ball
3-2: Strikes out swinging
Batting: SHB Jesus Gomez 0-0: Ball
1-0: Ball
2-0: Fly out, F7 (Flyball, 7, EV 90.0 MPH)
Bottom of the 5th over - 5 runs, 3 hits, 1 error, 1 left on base; Portland 5 - Tijuana 17
TOP OF THE 6TH
Portland Angels batting - Pitching for Tijuana Toros : RHP Clyde Miller
Batting: RHB Carlos Gonzales 0-0: Foul Ball, location: 2F
0-1: Ground out 5-3 (Groundball, 56S, EV 83.1 MPH)
Batting: RHB Daniel Molina 0-0: Swinging Strike
0-1: Called Strike
0-2: Ball
1-2: Strikes out swinging
Batting: RHB Peter Westover 0-0: Foul Ball, location: 2F
0-1: SINGLE (Groundball, 6MS, EV 69.4 MPH) (infield hit)
Batting: LHB Jonathon Walton 0-0: Ball
Peter Westover steals 2nd base (no throw)
1-0: Ball
2-0: Ball
Wild Pitch!
Peter Westover to third
3-0: Called Strike
3-1: Called Strike
3-2: SINGLE (Groundball, 4MD, EV 103.1 MPH)
Peter Westover scores
Pitching: RHP Makoto Narita
Batting: LHB Dave Hicks 0-0: Ball
1-0: Ball
2-0: Swinging Strike
2-1: TRIPLE (Flyball, 89XD, EV 111.9 MPH)
Jonathon Walton scores
Batting: RHB Ricky Mejicanos 0-0: Ground out U3 (Groundball, 34S, EV 71.2 MPH)
Top of the 6th over - 2 runs, 3 hits, 0 errors, 1 left on base; Portland 7 - Tijuana 17
BOTTOM OF THE 6TH
Tijuana Toros batting - Pitching for Portland Angels : RHP Dan Myers
Pitching: RHP Trevor Kingston
Batting: RHB Riemer de Jonge 0-0: Called Strike
0-1: Ball
1-1: Ball
2-1: Foul Ball, location: 2F
2-2: Foul Ball, location: 2F
2-2: Foul Ball, location: 2F
2-2: Foul Ball, location: 2F
2-2: Ground out 6-3 (Groundball, 6, EV 105.0 MPH)
Batting: SHB Dave Reynoso 0-0: SOLO HOME RUN (Flyball, 9D, EV 96.2 MPH), Distance : 364 ft
Batting: LHB Jay Fenderson 0-0: Called Strike
0-1: Ball
1-1: Ball
2-1: Called Strike
2-2: Foul Ball, location: 2F
2-2: Ground out 6-3 (Groundball, 6, EV 108.1 MPH)
Batting: RHB Juan Gallegos 0-0: Ball
1-0: Called Strike
1-1: Ball
2-1: Ball
3-1: Foul Ball, location: 2F
3-2: Base on Balls
Batting: RHB Tommy Hunter 0-0: Foul Ball, location: 2F
0-1: DOUBLE (Popup, 3D, EV 71.2 MPH)
Juan Gallegos to third
Batting: RHB Brad Brady 0-0: Fly out, F9 (Flyball, 89S, EV 86.2 MPH)
Bottom of the 6th over - 1 run, 2 hits, 0 errors, 2 left on base; Portland 7 - Tijuana 18
TOP OF THE 7TH
Portland Angels batting - Pitching for Tijuana Toros : RHP Makoto Narita
Batting: RHB Noah Pena 0-0: Ball
1-0: Called Strike
1-1: Foul Ball, location: 2F
1-2: Ball
2-2: Foul Ball, location: 2F
2-2: Ball
3-2: Foul Ball, location: 2F
3-2: Fly out, F4 (Flyball, 34D, EV 81.9 MPH)
Batting: RHB Sean Rocha 0-0: SINGLE (Groundball, 5S, EV 75.6 MPH) (infield hit)
Batting: RHB Rory Cobb 0-0: Ball
Sean Rocha steals 2nd base (no throw)
1-0: Called Strike
1-1: Swinging Strike
1-2: Fly out, F8 (Flyball, 8RD, EV 102.5 MPH)
Batting: RHB Carlos Gonzales 0-0: Foul Ball, location: 2F
0-1: Ball
1-1: Fly out, F6 (Popup, P, EV 83.1 MPH)
Top of the 7th over - 0 runs, 1 hit, 0 errors, 1 left on base; Portland 7 - Tijuana 18
BOTTOM OF THE 7TH
Tijuana Toros batting - Pitching for Portland Angels : RHP Trevor Kingston
Batting: LHB Cory Bowler 0-0: Ball
1-0: Foul Ball, location: 2F
1-1: Called Strike
1-2: Ball
2-2: Foul Ball, location: 2F
2-2: Fly out, F8 (Line Drive, 8LM, EV 111.9 MPH)
Batting: RHB Jason Baldwin 0-0: Ball
1-0: Foul Ball, location: 2F
1-1: Called Strike
1-2: Foul Ball, location: 2F
1-2: Ball
2-2: Fly out, F4 (Popup, 4S, EV 78.1 MPH)
Batting: SHB Jesus Gomez 0-0: Swinging Strike
0-1: Swinging Strike
0-2: Ball
1-2: Foul Ball, location: 2F
1-2: Ball
2-2: Ball
3-2: Base on Balls
Batting: RHB Riemer de Jonge 0-0: Ball
Passed Ball!
Jesus Gomez to second
1-0: Ball
2-0: Ball
3-0: Base on Balls
Batting: SHB Dave Reynoso 0-0: Ball
1-0: Ball
Balk!
Jesus Gomez to third
Riemer de Jonge to second
Balk!
Jesus Gomez scores
Riemer de Jonge to third
2-0: Swinging Strike
2-1: Ball
3-1: Called Strike
3-2: Foul Ball, location: 2F
3-2: Foul Ball, location: 2F
3-2: Foul Ball, location: 2F
3-2: Base on Balls
Batting: LHB Jay Fenderson 0-0: Ball
Wild Pitch!
Riemer de Jonge scores
Dave Reynoso to second
1-0: Ball
2-0: Ball
3-0: Base on Balls
Batting: RHB Juan Gallegos 0-0: Called Strike
0-1: SINGLE (Line Drive, 78M, EV 90.6 MPH)
Dave Reynoso to third
Jay Fenderson to second
Runner from 3rd tries for Home, SAFE, throw by LF to home
Batting: RHB Tommy Hunter 0-0: Called Strike
0-1: Foul Ball, location: 2F
0-2: Ball
1-2: SINGLE (Groundball, 56S, EV 74.4 MPH) (infield hit)
Jay Fenderson to third
Juan Gallegos to second
Batting: RHB Brad Brady 0-0: Ball
1-0: Ball
Wild Pitch!
Jay Fenderson scores
Juan Gallegos to third
Tommy Hunter to second
2-0: Called Strike
2-1: Ball
3-1: Swinging Strike
3-2: Base on Balls
Batting: LHB Cory Bowler 0-0: Ball
1-0: Ball
2-0: Ball
3-0: Base on Balls
Juan Gallegos scores
Tommy Hunter to third
Brad Brady to second
Batting: RHB Jason Baldwin 0-0: Ball
1-0: Ball
Passed Ball!
Tommy Hunter scores
Brad Brady to third
Cory Bowler to second
2-0: Called Strike
2-1: Called Strike
2-2: Ball
3-2: Base on Balls
Batting: SHB Jesus Gomez 0-0: Ball
Wild Pitch!
Brad Brady scores
Cory Bowler to third
Jason Baldwin to second
1-0: Ball
2-0: Ball
Wild Pitch!
Cory Bowler scores
Jason Baldwin to third
3-0: Base on Balls
Batting: RHB Riemer de Jonge 0-0: Ground out 1-3 (Groundball, P, EV 65.6 MPH)
Bottom of the 7th over - 8 runs, 2 hits, 0 errors, 2 left on base; Portland 7 - Tijuana 26
TOP OF THE 8TH
Portland Angels batting - Pitching for Tijuana Toros : RHP Makoto Narita
Pitching: LHP Carlos Gonzalez
Batting: RHB Daniel Molina 0-0: Ball
1-0: Swinging Strike
1-1: Ball
2-1: Foul Ball, location: 2F
2-2: Foul Ball, location: 2F
2-2: Fly out, F8 (Flyball, 8RD, EV 81.2 MPH)
Batting: RHB Peter Westover 0-0: Ground out 5-3 (Groundball, 56S, EV 90.6 MPH)
Batting: LHB Jonathon Walton 0-0: Swinging Strike
0-1: Ball
1-1: Foul Ball, location: 2F
1-2: Foul Ball, location: 2F
1-2: Ball
2-2: Ball
3-2: Ground out 6-3 (Groundball, 6, EV 79.4 MPH)
Top of the 8th over - 0 runs, 0 hits, 0 errors, 0 left on base; Portland 7 - Tijuana 26
BOTTOM OF THE 8TH
Tijuana Toros batting - Pitching for Portland Angels : RHP Trevor Kingston
Batting: SHB Dave Reynoso 0-0: Foul Ball, location: 2F
0-1: Ball
1-1: Foul Ball, location: 2F
1-2: Strikes out swinging
Batting: LHB Jay Fenderson 0-0: Hit by Pitch
Batting: RHB Juan Gallegos 0-0: Called Strike
0-1: Fly out, F7 (Flyball, 7S, EV 86.9 MPH)
Batting: RHB Tommy Hunter 0-0: Foul Ball, location: 2F
0-1: 2-RUN HOME RUN (Line Drive, 7D, EV 97.5 MPH), Distance : 395 ft
Batting: RHB Brad Brady 0-0: Ball
1-0: Called Strike
1-1: Ball
2-1: Ball
3-1: Called Strike
3-2: Base on Balls
Batting: LHB Cory Bowler 0-0: SINGLE (Groundball, 34S, EV 68.8 MPH) (infield hit)
Brad Brady to second
Batting: RHB Jason Baldwin 0-0: Called Strike
0-1: SINGLE (Flyball, 7LS, EV 79.4 MPH)
Brad Brady to third
Cory Bowler to second
Runner from 3rd tries for Home, throw by LF and OUT! 7-2
Bottom of the 8th over - 2 runs, 3 hits, 0 errors, 2 left on base; Portland 7 - Tijuana 28
TOP OF THE 9TH
Portland Angels batting - Pitching for Tijuana Toros : LHP Carlos Gonzalez
Batting: LHB Dave Hicks 0-0: DOUBLE (Line Drive, 8LD, EV 87.5 MPH)
Batting: RHB Ricky Mejicanos 0-0: Ball
1-0: Ball
2-0: SINGLE (Groundball, 56D, EV 94.4 MPH)
Dave Hicks to third
Batting: RHB Noah Pena 0-0: Ball
1-0: Foul Ball, location: 2F
1-1: SINGLE (Flyball, 89S, EV 88.1 MPH)
Dave Hicks scores
Ricky Mejicanos to second
Pitching: RHP Jim Jardine
Batting: RHB Sean Rocha 0-0: Ball
1-0: Ball
2-0: Ball
3-0: Called Strike
3-1: Base on Balls
Ricky Mejicanos to third
Noah Pena to second
Batting: RHB Rory Cobb 0-0: Ball
1-0: Ball
2-0: Swinging Strike
2-1: Swinging Strike
2-2: Foul Ball, location: 2F
2-2: Fly out, F4 (Popup, 4, EV 67.5 MPH)
Batting: RHB Carlos Gonzales 0-0: Ball
1-0: Called Strike
1-1: Swinging Strike
1-2: Foul Ball, location: 2F
1-2: Foul Ball, location: 2F
1-2: Fly out, F9 (Line Drive, 9, EV 110.6 MPH)
Batting: RHB Daniel Molina 0-0: Called Strike
0-1: Fly out, F9 (Flyball, 9LS, EV 76.2 MPH)
Top of the 9th over - 1 run, 3 hits, 0 errors, 3 left on base; Portland 8 - Tijuana 28
Wednesday, June 22nd , 2022 - OOTP Baseball 23.4 Build 64